[Event "Friendship Match 2018"]
[Site "Belokurikha"]
[Date "2018.07.15"]
[Round "1"]
[White "Hou, Yifan"]
[Black "Vitiugov, Nikita"]
[Result "1/2-1/2"]
[ECO "C95"]
[WhiteElo "2595"]
[BlackElo "2632"]
[Annotator "NA RC"]
[PlyCount "78"]
[EventDate "2018.07.15"]
[EventCountry "RUS"]
[SourceTitle "playchess.com"]
[Source "ChessBase"]
[SourceQuality "1"]
[TimeControl "900+10"]

1. e4 e5 2. Nf3 Nc6 3. Bb5 a6 4. Ba4 Nf6 5. O-O Be7 6. Re1 b5 7. Bb3 d6 8. c3 O-O 9. h3 Nb8 10. d4 Nbd7 11. Nbd2 Bb7 12. Bc2 Re8 13. Nf1 Bf8 14. Ng3 g6 15. a4 Bg7 16. Bd3 exd4 17. cxd4 c5 18. axb5 axb5 19. Rxa8 Bxa8 20. dxc5 Nxc5 21. Bxb5 Rf8 22. e5 dxe5 23. Qxd8 Rxd8 24. Nxe5 Nd5 25. Bc4 Re8 26. Nf3 Rxe1+ 27. Nxe1 Nb6 28. b3 Nxc4 29. bxc4 Bb7 30. Be3 Ne6 31. Nc2 f5 32. Bb6 Ba6 33. Na3 Bb2 34. Nb5 Nf4 35. Kf1 Nd3 36. Bc7 Bf6 37. Nd6 Nb2 38. Kg1 Nxc4 39. Nxc4 Bxc4 1/2-1/2

[Event "Friendship Match 2018"]
[Site "Belokurikha"]
[Date "2018.07.15"]
[Round "4"]
[White "Vitiugov, Nikita"]
[Black "Hou, Yifan"]
[Result "1/2-1/2"]
[ECO "D56"]
[WhiteElo "2632"]
[BlackElo "2595"]
[Annotator "NA"]
[PlyCount "81"]
[EventDate "2018.07.15"]
[EventCountry "RUS"]
[SourceTitle "playchess.com"]
[Source "ChessBase"]
[SourceQuality "1"]
[TimeControl "900+10"]

1. d4 d5 2. c4 e6 3. Nc3 Nf6 4. Bg5 Be7 5. e3 h6 6. Bh4 O-O 7. Nf3 Nbd7 8. cxd5 Nxd5 9. Bxe7 Qxe7 10. Qc2 c5 11. Nxd5 exd5 12. dxc5 Nxc5 13. Be2 Bg4 14. O-O Ne6 15. Rfd1 Rac8 16. Qd2 Rfd8 17. Nd4 Bxe2 18. Qxe2 Rc4 19. Nxe6 fxe6 20. Rac1 Rdc8 21. Rxc4 Rxc4 22. b3 Rc5 23. e4 Qf6 24. exd5 Rxd5 25. Re1 Rd6 26. g3 Qf5 27. h4 Kh7 28. Rc1 Rd7 29. Rc4 Qb1+ 30. Kg2 Rd1 31. Rc2 Rg1+ 32. Kf3 Qd1 33. Rc7 Qxe2+ 34. Kxe2 Rb1 35. Rxb7 Rb2+ 36. Ke3 Rxa2 37. b4 a5 38. b5 a4 39. Ra7 Rb2 40. Rxa4 Rxb5 41. Ke4 1/2-1/2